ITL
HAVANA ROLLERS @ UTICA UNICORNS
06/20/2028
 
TOP OF THE 1ST
Havana Rollers batting - Pitching for Utica Unicorns : RHP Alberto Parra
Pitching: RHP Alberto Parra
Batting: RHB Jesús Villalobos 0-0: Ball
1-0: Ball
2-0: Called Strike
2-1: Fly out, F7 (Flyball, 7S)
Batting: RHB Francisco Rincón 0-0: Called Strike
0-1: Called Strike
0-2: Strikes out swinging
Batting: RHB Brant Sherman 0-0: Called Strike
0-1: Called Strike
0-2: Ball
1-2: Ball
2-2: Ball
3-2: Foul Ball, location: 2F
3-2: Base on Balls
Batting: SHB Pepe Piña 0-0: Ball
1-0: Ball
2-0: DOUBLE (Flyball, 89D)
Brant Sherman to third
Runner from 3rd tries for Home, SAFE, no throw
Batting: LHB Juan Romero 0-0: Called Strike
0-1: Ground out U3 (Groundball, 3)
Top of the 1st over - 1 run(s), 1 hit(s), 0 error(s), 1 left on base; Havana 1 - Utica 0
BOTTOM OF THE 1ST
Utica Unicorns batting - Pitching for Havana Rollers : RHP Jason Drake
Pitching: RHP Jason Drake
Batting: RHB Mitsuoki Taguchi 0-0: Ball
1-0: Ball
2-0: Ground out 3-1 (Groundball, 34)
Batting: RHB Franklin Shaw 0-0: Ball
1-0: Ball
2-0: Fly out, F8 (Flyball, 8LM)
Batting: LHB Sixto Cantú 0-0: Fly out, F9 (Flyball, 89D)
Bottom of the 1st over - 0 run(s), 0 hit(s), 0 error(s), 0 left on base; Havana 1 - Utica 0
TOP OF THE 2ND
Havana Rollers batting - Pitching for Utica Unicorns : RHP Alberto Parra
Batting: SHB Yasuhiro Ikarashi 0-0: Ball
1-0: Ball
2-0: Called Strike
2-1: Ball
3-1: Called Strike
3-2: Strikes out swinging
Batting: RHB León Rivera 0-0: Ball
1-0: Called Strike
1-1: Foul Ball, location: 2F
1-2: Ball
2-2: Ball
3-2: SINGLE (Groundball, 13S) (infield hit)
Batting: LHB Zhi-huan Loong 0-0: Called Strike
León Rivera steals 2nd base
0-1: Called Strike
0-2: Ball
1-2: SINGLE (Flyball, 8LS)
León Rivera to third
Runner from 3rd tries for Home, SAFE, no throw
Batting: LHB José Torres 0-0: Ball
1-0: Called Strike
1-1: Foul Ball, location: 2F
1-2: Foul Ball, location: 2F
1-2: Foul Ball, location: 2F
1-2: Foul Ball, location: 2F
1-2: Foul Ball, location: 2F
1-2: Strikes out swinging
Batting: RHB Jesús Villalobos 0-0: Ball
1-0: Called Strike
Zhi-huan Loong steals 2nd base
1-1: Ball
2-1: SINGLE (Flyball, 8LS)
Zhi-huan Loong to third
Runner from 3rd tries for Home, SAFE, no throw
Batting: RHB Francisco Rincón 0-0: Called Strike
0-1: Ball
Jesús Villalobos is caught stealing 2nd base
Top of the 2nd over - 2 run(s), 3 hit(s), 0 error(s), 0 left on base; Havana 3 - Utica 0
BOTTOM OF THE 2ND
Utica Unicorns batting - Pitching for Havana Rollers : RHP Jason Drake
Batting: RHB Gerald Burnett 0-0: Ball
1-0: Ball
2-0: Ball
3-0: Called Strike
3-1: Called Strike
3-2: Ground out 5-3 (Groundball, 56)
Batting: LHB Pedro Zaragoza 0-0: Ground out 1-3 (Groundball, 13)
Batting: LHB Tony O'Bryan 0-0: Ground out 1-3 (Groundball, 15S)
Bottom of the 2nd over - 0 run(s), 0 hit(s), 0 error(s), 0 left on base; Havana 3 - Utica 0
TOP OF THE 3RD
Havana Rollers batting - Pitching for Utica Unicorns : RHP Alberto Parra
Batting: RHB Francisco Rincón 0-0: Called Strike
0-1: SINGLE (Groundball, 4MD)
Batting: RHB Brant Sherman 0-0: Called Strike
0-1: Ball
1-1: Ball
2-1: DOUBLE (Flyball, 89D)
Francisco Rincón to third
Batting: SHB Pepe Piña 0-0: Ball
1-0: Foul Ball, location: 2F
1-1: Foul Ball, location: 2F
1-2: Strikes out swinging
Batting: LHB Juan Romero 0-0: Called Strike
0-1: Foul Ball, location: 2F
0-2: SINGLE (Groundball, 3D)
Francisco Rincón scores
Brant Sherman to third
Runner from 3rd tries for Home, SAFE, no throw
Batting: SHB Yasuhiro Ikarashi 0-0: Ball
1-0: Foul Ball, location: 2F
1-1: Called Strike
1-2: Strikes out swinging
Batting: RHB León Rivera 0-0: Called Strike
0-1: Ball
1-1: Swinging Strike
1-2: Strikes out swinging
Top of the 3rd over - 2 run(s), 3 hit(s), 0 error(s), 1 left on base; Havana 5 - Utica 0
BOTTOM OF THE 3RD
Utica Unicorns batting - Pitching for Havana Rollers : RHP Jason Drake
Batting: LHB Mitchell Oglethorpe 0-0: Ball
1-0: Called Strike
1-1: Ball
2-1: Fly out, F3 (Popup, 3L)
Batting: LHB Bill Hall 0-0: Foul Ball, location: 2F
0-1: Foul Ball, location: 2F
0-2: Fly out, F8 (Flyball, 8LM)
Batting: RHB Gustavo Rodríguez 0-0: Ball
1-0: Called Strike
1-1: Ball
2-1: Called Strike
2-2: Strikes out swinging, 2-3 out at first.
Bottom of the 3rd over - 0 run(s), 0 hit(s), 0 error(s), 0 left on base; Havana 5 - Utica 0
TOP OF THE 4TH
Havana Rollers batting - Pitching for Utica Unicorns : RHP Alberto Parra
Batting: LHB Zhi-huan Loong 0-0: Ball
1-0: Ball
2-0: Ball
3-0: Called Strike
3-1: Called Strike
3-2: Strikes out swinging
Batting: LHB José Torres 0-0: Ball
1-0: Called Strike
1-1: Ground out 4-3 (Groundball, 4)
Batting: RHB Jesús Villalobos 0-0: Called Strike
0-1: SINGLE (Flyball, 8RS)
Batting: RHB Francisco Rincón 0-0: Ball
1-0: Ball
2-0: Called Strike
2-1: Swinging Strike
2-2: Ball
3-2: Ground out 3-1 (Groundball, 34)
Top of the 4th over - 0 run(s), 1 hit(s), 0 error(s), 1 left on base; Havana 5 - Utica 0
BOTTOM OF THE 4TH
Utica Unicorns batting - Pitching for Havana Rollers : RHP Jason Drake
Batting: RHB Mitsuoki Taguchi 0-0: Ball
1-0: Called Strike
1-1: Ground out 6-3 (Groundball, 6D)
Batting: RHB Franklin Shaw 0-0: Ball
1-0: Called Strike
1-1: Ball
2-1: Foul Ball, location: 2F
2-2: Ground out 6-3 (Groundball, 6)
Batting: LHB Sixto Cantú 0-0: Ball
1-0: Fly out, F8 (Flyball, 8LM)
Bottom of the 4th over - 0 run(s), 0 hit(s), 0 error(s), 0 left on base; Havana 5 - Utica 0
TOP OF THE 5TH
Havana Rollers batting - Pitching for Utica Unicorns : RHP Alberto Parra
Batting: RHB Brant Sherman 0-0: Ball
1-0: Foul Ball, location: 2F
1-1: Ball
2-1: Ball
3-1: Ground out 6-3 (Groundball, 6)
Batting: SHB Pepe Piña 0-0: Called Strike
0-1: Called Strike
0-2: Strikes out looking
Batting: LHB Juan Romero 0-0: Ball
1-0: Ball
2-0: Called Strike
2-1: Ball
3-1: Called Strike
3-2: Strikes out swinging
Top of the 5th over - 0 run(s), 0 hit(s), 0 error(s), 0 left on base; Havana 5 - Utica 0
BOTTOM OF THE 5TH
Utica Unicorns batting - Pitching for Havana Rollers : RHP Jason Drake
Batting: RHB Gerald Burnett 0-0: Called Strike
0-1: Ball
1-1: Ball
2-1: Ground out 1-3 (Groundball, 13)
Batting: LHB Pedro Zaragoza 0-0: Called Strike
0-1: Foul Ball, location: 2F
0-2: Foul Ball, location: 2F
0-2: Ball
1-2: Strikes out swinging
Batting: LHB Tony O'Bryan 0-0: Ball
1-0: Ground out 4-3 (Groundball, 34)
Bottom of the 5th over - 0 run(s), 0 hit(s), 0 error(s), 0 left on base; Havana 5 - Utica 0
TOP OF THE 6TH
Havana Rollers batting - Pitching for Utica Unicorns : RHP Alberto Parra
Pitching: RHP Wayne Sawyer
Batting: SHB Yasuhiro Ikarashi 0-0: Ball
1-0: Called Strike
1-1: Swinging Strike
1-2: Foul Ball, location: 2F
1-2: Ball
2-2: Ball
3-2: Strikes out swinging
Batting: RHB León Rivera 0-0: Swinging Strike
0-1: Ball
1-1: Ball
2-1: Ball
3-1: Foul Ball, location: 2F
3-2: Foul Ball, location: 2F
3-2: Base on Balls
Batting: LHB Zhi-huan Loong 0-0: Ball
1-0: Foul Ball, location: 2F
1-1: Ball
2-1: Fly out, F3 (Popup, 3S)
Batting: LHB José Torres 0-0: Fly out, F9 (Flyball, 9LS)
Top of the 6th over - 0 run(s), 0 hit(s), 0 error(s), 1 left on base; Havana 5 - Utica 0
BOTTOM OF THE 6TH
Utica Unicorns batting - Pitching for Havana Rollers : RHP Jason Drake
Batting: LHB Mitchell Oglethorpe 0-0: Ball
1-0: Ball
2-0: Ball
3-0: Called Strike
3-1: Foul Ball, location: 2F
3-2: Base on Balls
Batting: LHB Bill Hall 0-0: DOUBLE (Line Drive, 9LM)
Mitchell Oglethorpe to third
Batting: RHB Gustavo Rodríguez 0-0: Foul Ball, location: 2F
0-1: Swinging Strike
0-2: Ball
1-2: Fly out, F9 (Flyball, 9LS)
Batting: RHB Mitsuoki Taguchi 0-0: Ball
1-0: Called Strike
1-1: Fly out, F6 (Line Drive, 6)
Batting: RHB Franklin Shaw 0-0: Ball
1-0: Foul Ball, location: 2F
1-1: Fly out, F8 (Line Drive, 8LD)
Bottom of the 6th over - 0 run(s), 1 hit(s), 0 error(s), 2 left on base; Havana 5 - Utica 0
TOP OF THE 7TH
Havana Rollers batting - Pitching for Utica Unicorns : RHP Wayne Sawyer
Batting: RHB Jesús Villalobos 0-0: Called Strike
0-1: Swinging Strike
0-2: Ball
1-2: Ball
2-2: Ball
3-2: Base on Balls
Batting: RHB Francisco Rincón 0-0: Called Strike
0-1: Ball
Wild Pitch!
Jesús Villalobos to second
1-1: Foul Ball, location: 2F
1-2: Ball
2-2: Foul Ball, location: 2F
2-2: Ball
3-2: Strikes out swinging
Batting: RHB Brant Sherman 0-0: Ball
1-0: Ball
Passed Ball!
Jesús Villalobos to third
2-0: Called Strike
2-1: Ball
3-1: SINGLE (Groundball, 4MD)
Jesús Villalobos scores
Batting: SHB Pepe Piña 0-0: Swinging Strike
0-1: Ball
1-1: Ball
2-1: Ball
3-1: Base on Balls
Brant Sherman to second
Batting: LHB Juan Romero 0-0: Ball
1-0: Swinging Strike
1-1: Fly out, F7 (Flyball, 7LS)
Batting: SHB Yasuhiro Ikarashi 0-0: Ball
1-0: Ball
2-0: Ball
3-0: Base on Balls
Brant Sherman to third
Pepe Piña to second
Batting: RHB León Rivera 0-0: Called Strike
0-1: Ground out 4-3 (Groundball, 4M)
Top of the 7th over - 1 run(s), 1 hit(s), 0 error(s), 3 left on base; Havana 6 - Utica 0
BOTTOM OF THE 7TH
Utica Unicorns batting - Pitching for Havana Rollers : RHP Jason Drake
Batting: LHB Sixto Cantú 0-0: Called Strike
0-1: Swinging Strike
0-2: Fly out, F9 (Flyball, 9)
Batting: RHB Gerald Burnett 0-0: Ball
1-0: Foul Ball, location: 2F
1-1: Called Strike
1-2: Ground out 5-3 (Groundball, 5)
Batting: LHB Pedro Zaragoza 0-0: Ball
1-0: Ball
2-0: Ball
3-0: Base on Balls
Batting: LHB Tony O'Bryan 0-0: Ball
1-0: Foul Ball, location: 2F
1-1: Ball
2-1: Called Strike
2-2: Foul Ball, location: 2F
2-2: Fly out, F8 (Flyball, 8RM)
Bottom of the 7th over - 0 run(s), 0 hit(s), 0 error(s), 1 left on base; Havana 6 - Utica 0
TOP OF THE 8TH
Havana Rollers batting - Pitching for Utica Unicorns : RHP Wayne Sawyer
Batting: LHB Zhi-huan Loong 0-0: Foul Ball, location: 2F
0-1: Ball
1-1: Called Strike
1-2: Ball
2-2: Strikes out swinging
Pitching: LHP Alberto Martínez
Batting: LHB José Torres 0-0: Called Strike
0-1: Foul Ball, location: 2F
0-2: Foul Ball, location: 2F
0-2: Ball
1-2: Strikes out swinging
Batting: RHB Jesús Villalobos 0-0: Foul Ball, location: 2F
0-1: Fly out, F8 (Flyball, 8LM)
Top of the 8th over - 0 run(s), 0 hit(s), 0 error(s), 0 left on base; Havana 6 - Utica 0
BOTTOM OF THE 8TH
Utica Unicorns batting - Pitching for Havana Rollers : RHP Jason Drake
Batting: LHB Mitchell Oglethorpe 0-0: Called Strike
0-1: Ball
1-1: Ground out 5-3 (Groundball, 56)
Batting: LHB Bill Hall 0-0: Foul Ball, location: 2F
0-1: Swinging Strike
0-2: Ball
1-2: Ball
2-2: Ball
3-2: Fly out, F9 (Line Drive, 89M)
Batting: RHB Gustavo Rodríguez 0-0: Ball
1-0: Fly out, F9 (Flyball, 89D)
Bottom of the 8th over - 0 run(s), 0 hit(s), 0 error(s), 0 left on base; Havana 6 - Utica 0
TOP OF THE 9TH
Havana Rollers batting - Pitching for Utica Unicorns : LHP Alberto Martínez
Batting: RHB Francisco Rincón 0-0: Fly out, F4 (Line Drive, 4)
Batting: RHB Brant Sherman 0-0: Called Strike
0-1: SINGLE (Flyball, 89S)
Batting: SHB Pepe Piña 0-0: Ball
1-0: Ball
2-0: Called Strike
2-1: Grounds into double play, 6-4-3 (Groundball, 6)
Top of the 9th over - 0 run(s), 1 hit(s), 0 error(s), 0 left on base; Havana 6 - Utica 0
BOTTOM OF THE 9TH
Utica Unicorns batting - Pitching for Havana Rollers : RHP Jason Drake
Batting: RHB Mitsuoki Taguchi 0-0: Fly out, F7 (Flyball, 7)
Batting: RHB Franklin Shaw 0-0: Ball
1-0: Ball
2-0: Swinging Strike
2-1: Ball
3-1: Swinging Strike
3-2: Fly out, F6 (Popup, 6MD)
Batting: LHB Sixto Cantú 0-0: Swinging Strike
0-1: Foul Ball, location: 2F
0-2: Strikes out swinging, 2-3 out at first.
Bottom of the 9th over - 0 run(s), 0 hit(s), 0 error(s), 0 left on base; Havana 6 - Utica 0
Tuesday, August 8th, 2017 - OOTP Baseball 17.12 Build 75